 Dungeon Crawl Stone Soup version 0.28-a0-1429-gf3d713df7a (webtiles) character file.

Game seed: 11743304134806972768

50 HallandMoats the Skirmisher (level 3, 29/29 HPs)
             Began as a Demonspawn Fighter on Jan 9, 2022.
             Was a Follower of Dithmenos.
             Got out of the dungeon alive.
             The game lasted 00:01:27 (2164 turns).

HallandMoats the Skirmisher (Demonspawn Fighter)    Turns: 2164, Time: 00:01:28

Health: 29/29      AC:  6    Str: 18    XL:     3   Next: 55%
Magic:  4/4        EV:  9    Int: 11    God:    Dithmenos [*.....]
Gold:   116        SH:  4    Dex: 12    Spells: 2/2 levels left

rFire   . . .      SeeInvis .   a - +0 war axe
rCold   . . .      Faith    .   c - +0 buckler
rNeg    . . .      Spirit   .   b - +0 scale mail
rPois   .          Reflect  .   (no helmet)
rElec   .          Harm     .   (no cloak)
rCorr   .          Rampage  .   (no gloves)
Will    .....                   (no boots)
Stlth   ..........              (no amulet)
HPRegen 0.09/turn               (no ring)
MPRegen 0.09/turn               (no ring)

@: wreathed by umbra
A: big brain 1
a: Renounce Religion


You escaped.
You worshipped Dithmenos.
Dithmenos was aware of your devotion.
You visited 1 branch of the dungeon, and saw 2 of its levels.

You collected 116 gold pieces.

Inventory:

Hand Weapons
 a - a +0 war axe (weapon)
Armour
 b - a +0 scale mail (worn)
 c - a +0 buckler (worn)
Jewellery
 j - a ring of magical power
Scrolls
 e - a scroll of noise {unknown}
 f - a scroll of identify {unknown}
 h - 2 scrolls of amnesia {unknown}
Potions
 d - a potion of might
 g - a potion of flight {unknown}
 i - a potion of heal wounds {unknown}


   Skills:
 + Level 3.2 Fighting
 + Level 2.0 Axes
 + Level 2.8 Armour
 + Level 0.5 Dodging
 * Level 3.2 Shields
 * Level 2.1 Invocations


You had 2 spell levels left.
You didn't know any spells.
Your spell library was empty.

Dungeon Overview and Level Annotations

Branches:
Dungeon (2/15)

Altars:
Dithmenos


Innate Abilities, Weirdness & Mutations

You have an unusually large brain. (Int +2)


Message History

There is an open door here.
You open the door.
There is an open door here.
There is an open door here.
You see here a +0 dagger.
There is an open door here.
You see here 24 arrows.
There is an open door here.
There is an open door here.
You see here 13 arrows.
There is a huge open gate here.
There is a huge open gate here.
There is a faded altar of an unknown god here.
You cannot tell which god this altar belongs to.
Convert to them anyway?
Dithmenos accepts your prayer! Dithmenos welcomes you!
You are shrouded in an aura of darkness!
Done exploring.
No target in view!
Done exploring.
No target in view!
Done exploring.
No target in view!
Done exploring.
No target in view!
Done exploring.
(D) Dungeon
Where to? (Enter - D:2 @ (x,y), ? - help)
What level of the Dungeon? (default 1, ? - help)
There is a huge open gate here.
There is a huge open gate here.
You see here 13 arrows.
There is an open door here.
There is an open door here.
There is a stone staircase leading up here.
You climb upwards.
There is a stone staircase leading down here.
There is a staircase leading out of the dungeon here.
Are you sure you want to leave the Dungeon?
This will make you lose the game!
You have escaped!

...#.##.....##.###.##......#....#
.#.#.###.....##.#.##.....#..)....
...#...##.....##.##.....##.......
...#.#..##.....###.....##........
.#.#.###.##.....#.....##.#.......
.#...####.##.........##.##.......
........##.##..8.>..##.##........
..#...#####.##.....##.###........
.....)....##.##.@.##.##..........
.##........##.#...#.#####........
.........####.#...#.#..#..#######
#......#.# #.#...#.##...##
#......#.## #.#.(.#.####.########
#.........# #.#...#.##...........
..#.......# #.#...#.#..#....#####
.###......# #.#...#.####.##.#####
.# ##.....###.#...#.## #.##..)..#


There were no monsters in sight!

Vanquished Creatures
  A dart slug (D:2)
  An orc (D:2)
  6 ball pythons
  3 bats
  7 endoplasms
  4 giant cockroaches (D:1)
  4 goblins
  3 hobgoblins
  4 quokkas
  A frilled lizard (D:2)
  5 kobolds
  A rat (D:1)
40 creatures vanquished.

Notes
Turn   | Place    | Note
-------+----------+-------------------------------------------
     0 | D:1      | HallandMoats the Demonspawn Fighter began the quest for the
                  | Orb.
     0 | D:1      | Reached XP level 1. HP: 18/18 MP: 1/1
   335 | D:1      | Reached skill level 1 in Invocations
   372 | D:1      | Gained mutation: You have an unusually large brain. (Int
                  | +2) [demonic ancestry]
   372 | D:1      | Reached XP level 2. HP: 21/24 MP: 2/2
   948 | D:2      | Reached XP level 3. HP: 20/29 MP: 4/4
  1400 | D:2      | Found a faded altar of an unknown god.
  2094 | D:2      | Prayed at the altar of an unknown god.
  2094 | D:2      | Became a worshipper of Dithmenos the Shadowed
  2094 | D:2      | Reached * piety under Dithmenos
  2164 | D:$      | Got out of the dungeon alive.

Illustrated notes

Levels and vault maps discovered:
D:1:      psy_arrival_spokes, layout_rooms, kennysheep_crisscross,
          kennysheep_decorative_pillar
D:2:      layout_basic, hellmonk_ecumenical_altar_heavens_door

Skill      XL: |  1  2  3 |
---------------+----------+-----
Invocations    | 1 2 |  2.1
Shields        | 3 |  3.2
Axes           | 2 |  2.0
Fighting       | |  3.2
Armour         | |  2.8
Dodging        | |  0.5

Action                   || total
-------------------------++-------
Melee: War axe           ||   105
Armor: Scale mail        ||    43
Dodge: Dodged            ||    41
Block: Buckler           ||    27

Table legend: (Time is in decaauts)
 A = Elapsed time spent in this place.
 B = Non-inter-level travel time spent in this place.
 C = Inter-level travel time spent in this place.
 D = Time resting spent in this place.
 E = Time spent auto-exploring this place.
 F = Levels seen in this place.
 G = Mean time per level.
                   A        B        C        D        E       F      G
               +--------+--------+--------+--------+--------+-----+--------+
         Total |   2211 |   2041 |    170 |      0 |   1745 |   2 | 1105.5 |
       Dungeon |   2211 |   2041 |    170 |      0 |   1745 |   2 | 1105.5 |
               +--------+--------+--------+--------+--------+-----+--------+

Top non-repeatable levels by time:
     D:2: 1266 daAuts
     D:1: 944 daAuts
